 Dungeon Crawl Stone Soup version 0.27.1-33-g824d729ab1 (webtiles) character file.

Game seed: 4522589828150288181

44 itsemess the Chopper (level 3, 0/34 HPs)
             Began as a Minotaur Berserker on Nov 24, 2021.
             Was a Follower of Trog.
             Slain by a worm (7 damage)
             ... on level 2 of the Dungeon.
             The game lasted 00:02:22 (907 turns).

itsemess the Chopper (Minotaur Berserker)            Turns: 907, Time: 00:02:23

Health: 0/34       AC:  2    Str: 22    XL:     3   Next: 41%
Magic:  2/2        EV: 12    Int:  4    God:    Trog [*.....]
Gold:   29         SH:  0    Dex:  9    Spells: 2/2 levels left

rFire    . . .     SeeInvis .   a - +0 hand axe
rCold    . . .     Faith    .   (no shield)
rNeg     . . .     Spirit   .   b - +0 animal skin
rPois    .         Reflect  .   (helmet restricted)
rElec    .         Harm     .   (no cloak)
rCorr    .         Rampage  .   (no gloves)
Will     .....                  (no boots)
Stlth    +.........             (no amulet)
HPRegen  0.11/turn              (no ring)
MPRegen  0.08/turn              (no ring)

@: on berserk cooldown, slowed, very slow
A: horns 2, retaliatory headbutt
a: Renounce Religion, Berserk


You were on level 2 of the Dungeon.
You worshipped Trog.
Trog was aware of your devotion.
You visited 1 branch of the dungeon, and saw 2 of its levels.

You collected 29 gold pieces.

Inventory:

Hand Weapons
 a - a +0 hand axe (weapon)
Armour
 b - a +0 animal skin (worn)
Scrolls
 c - a scroll of enchant weapon {unknown}
 d - a scroll of amnesia {unknown}
 e - a scroll of noise {unknown}
Potions
 f - a potion of haste {unknown}


   Skills:
 + Level 4.4 Fighting
 + Level 4.6 Axes
 + Level 2.6 Armour
 - Level 2.1 Dodging
 + Level 0.2 Stealth


You had 2 spell levels left.
You didn't know any spells.
Your spell library was empty.

Dungeon Overview and Level Annotations

Branches:
Dungeon (2/15)

Altars:


Innate Abilities, Weirdness & Mutations

You have a pair of horns on your head.
You reflexively headbutt those who attack you in melee.


Message History

The endoplasm jiggles.
The worm bites you!
* * * LOW HITPOINT WARNING * * *
You hit the worm. You headbutt the worm.
The worm is heavily wounded.
An adder comes into view.
The worm bites you.
* * * LOW HITPOINT WARNING * * *
You're still recovering from your berserk rage.
Okay, then.
You see here a hobgoblin corpse.
You see here a dart slug corpse.
Found a club.
You feel yourself speed up.
Found a fuming yellow potion.
You see here a fuming yellow potion.
You open the door.
You recover from your berserk rage.
There is an open door here.
A red film seems to cover your vision as you go berserk!
You feel yourself moving faster!
You feel mighty!
You hit the endoplasm but do no damage. The endoplasm freezes you.
You are frozen.
* * * LOW HITPOINT WARNING * * *
You slash the endoplasm!
You kill the endoplasm!
Trog accepts your kill.
You feel a strong urge to attack something.
There is an open door here.
The worm barely misses you.
You hit the worm.
The worm is lightly wounded.
You are no longer berserk.
You are exhausted.
You feel yourself slow down.
You hit the worm but do no damage.
The worm is lightly wounded.
You barely miss the worm. The worm bites you!
You die...

#......$........# #≈≈≈≈≈##.#.
#......†....###..#
...#≈≈≈≈##... ######††....#
#.## ...#≈≈≈≈##... #..†$..# ..#
.. #≈≈≈≈≈#... #......# #.#
#≈≈≈≈≈#... #....ww# #.#
##≈≈≈≈#... ###.....# #.#
..##≈≈≈≈#...
#.)..?...#####'#....##≈≈≈≈#...
#..........!w@......##≈≈≈≈#...
#............w.......#≈≈≈≈≈#...
#...##...............#≈≈≈≈≈#...
#... #...............#≈≈≈≈##.##
.. #...............≈≈≈≈≈##.#
#............###≈≈≈≈≈##.#
#.............#≈≈≈≈≈###.#
#...........#.#≈≈≈≈≈# #.#
#.≈≈≈≈≈## #.#


You could see 2 worms.

Vanquished Creatures
  An adder (D:2)
  A worm (D:2)
  2 dart slugs (D:2)
  4 endoplasms
  3 goblins (D:1)
  3 hobgoblins
  2 jackals (D:2)
  4 ball pythons (D:1)
  4 bats
  2 frilled lizards
  3 rats (D:2)
29 creatures vanquished.

Notes
Turn   | Place    | Note
-------+----------+-------------------------------------------
     0 | D:1      | itsemess the Minotaur Berserker began the quest for the
                  | Orb.
     0 | D:1      | Reached XP level 1. HP: 19/19 MP: 0/0
   396 | D:1      | Reached XP level 2. HP: 27/27 MP: 1/1
   602 | D:1      | Found a faded altar of an unknown god.
   862 | D:2      | Reached XP level 3. HP: 33/33 MP: 2/2
   907 | D:2      | Slain by a worm

Illustrated notes

Levels and vault maps discovered:
D:1:      saegor_arrival_simple_b, layout_rooms,
          shapermc_ecumenical_altar_mp_vishouse
D:2:      wander_river, layout_basic

Skill      XL: |  1  2 |
---------------+-------+-----
Axes           | 4 |  4.6
Fighting       | 4 |  4.4
Armour         | |  2.6
Dodging        | |  2.1
Stealth        | |  0.2

Action                   || total
-------------------------++-------
Melee: Hand axe          ||    52
       Headbutt          ||     5
Invok: Berserk           ||     2
Armor: Animal skin       ||     8
Dodge: Dodged            ||    34
